 Dungeon Crawl Stone Soup version 0.24-a0-715-g0b739ee41d (webtiles) character file.

Game seed: 11354716763092684329, levelgen mode: deterministic

4 Arixos the Vexing (level 1, -1/13 HPs)
             Began as a Vampire Enchanter on Sept 30, 2019.
             Slain by a jackal (2 damage)
             ... on level 1 of the Dungeon.
             The game lasted 00:02:49 (217 turns).

Arixos the Vexing (Vampire Enchanter)                Turns: 217, Time: 00:02:50

Health: -1/13      AC:  2    Str:  7    XL:     1   Next: 58%
Magic:  0/3        EV: 12    Int: 17    God:
Gold:   29         SH:  0    Dex: 14    Spells: 3/4 levels left

rFire    . . .     SeeInvis +   a - +1 dagger
rCold    . . .     Gourm    .   (no shield)
rNeg     . . .     Faith    .   b - +0 robe
rPois    .         Spirit   .   (no helmet)
rElec    .         Reflect  .   (no cloak)
rCorr    .         Harm     .   (no gloves)
MR       .....                  (no boots)
Stlth    +++.......             (no amulet)
HPRegen  0.24/turn              (no ring)
MPRegen  0.08/turn              (no ring)

@: regenerating quickly
A: no food, fangs 3, see invisible, unbreathing
a: Exsanguinate


You were on level 1 of the Dungeon.
You were alive.

You visited 1 branch of the dungeon, and saw 1 of its levels.

You collected 29 gold pieces.

Inventory:

Hand Weapons
 a - a +1 dagger (weapon)
Armour
 b - a +0 robe (worn)
Scrolls
 c - a scroll of blinking {unknown}
 d - a scroll of amnesia {unknown}
Potions
 e - a potion of degeneration {unknown}


   Skills:
 + Level 0.1 Fighting
 + Level 1.2 Short Blades
 + Level 2.2 Dodging
 + Level 4.5 Stealth
 + Level 2.0 Spellcasting
 + Level 4.5 Hexes


You had 3 spell levels left.
You knew the following spells:

 Your Spells              Type           Power        Failure   Level  Hunger
a - Corona                Hex            ###....      3%          1    N/A

Your spell library contained the following spells:

 Spells                   Type           Power        Failure   Level  Hunger
 Confuse                  Hex            ###.....     9%          3    N/A
 Tukima's Dance           Hex            ###.....     9%          3    N/A
 Ensorcelled Hibernation  Hex/Ice        #.....       12%         2    N/A
 Dazzling Spray           Conj/Hex       #.....       22%         3    N/A

Dungeon Overview and Level Annotations

Branches:
Dungeon (1/15)

Altars:


Innate Abilities, Weirdness & Mutations

You do not eat.
Your natural rate of healing is unusually fast.
You have razor-sharp teeth.
You have supernaturally acute eyesight. (SInv)
You can survive without breathing.


Message History

The jackal closely misses you. The jackal bites you.
You closely miss the jackal.
The jackal is heavily wounded.
The jackal bites you.
* * * LOW HITPOINT WARNING * * *
You closely miss the jackal.
The jackal is moderately wounded.
The jackal closely misses you.
You hit the jackal but do no damage. You bite the jackal, but do no damage.
The jackal is moderately wounded.
The jackal bites you.
* * * LOW HITPOINT WARNING * * *
You hit the jackal but do no damage.
The jackal is moderately wounded.
The jackal bites you but does no damage.
The jackal closely misses you.
You hit the jackal but do no damage.
The jackal is moderately wounded.
The jackal bites you.
You die...

###.##..# ..
....##..# ##..##..#
##..##..# ....##..#
##.###..# #.###..#
### #.##...#
########.....
##.##.#.####....@hhh#
...##.#.##.....######
##.#....##.#.#.##
#......#.........
#.........#.#..##
#...............#
.............##...
#............# w>##
##...........# ..#


You could see 3 jackals.

Vanquished Creatures
  A goblin (D:1)
  A hobgoblin (D:1)
  A jackal (D:1)
  A bat (D:1)
4 creatures vanquished.

Notes
Turn   | Place    | Note
-------+----------+-------------------------------------------
     0 | D:1      | Arixos the Vampire Enchanter began the quest for the Orb.
     0 | D:1      | Reached XP level 1. HP: 13/13 MP: 3/3
   217 | D:1      | Slain by a jackal

Levels and vault maps discovered:
D:1:      minmay_arrival_four_houses, layout_loops_ring

Action                   || total
-------------------------++-------
Melee: Dagger            ||    41
       Bite              ||     2
 Cast: Corona            ||     6
 Stab: Sleeping          ||     1
Armor: Robe              ||    11
Dodge: Dodged            ||    32

Table legend:
 A = Non-vault XP
 B = Vault XP
 C = Vault XP percentage of total XP
 D = Non-vault monster count
 E = Vault monster count
 F = Vault count percentage of total count
                 A         B        C        D         E       F
            +---------+---------+-------+---------+---------+-------
      Total |       7 |       0 |   0.0 |       4 |       0 |   0.0
            +---------+---------+-------+---------+---------+-------
        D:1 |       7 |       0 |   0.0 |       4 |       0 |   0.0
            +---------+---------+-------+---------+---------+-------
